 Dungeon Crawl Stone Soup version 0.29.1-12-g30fa7ad0bf (webtiles) character file.

Game seed: 11500851418478418040

2927 xzight the Prestidigitator (level 9, -3/68 HPs)
             Began as a Gnoll Artificer on Dec 30, 2022.
             Was an Initiate of Gozag.
             Slain by a vampire (9 damage)
             ... on level 9 of the Dungeon.
             The game lasted 00:11:24 (9559 turns).

xzight the Prestidigitator (Gnoll Artificer)        Turns: 9559, Time: 00:11:24

Health: -3/68      AC:  9    Str: 11    XL:     9   Next: 79%
Magic:  16/16      EV: 13    Int: 16    God:    Gozag
Gold:   647        SH:  7    Dex: 14    Spells: 17/17 levels left

rFire   . . .      SeeInvis .   x - +10 hammer of Histrionic Expedience {spect, Will+ Dex+2}
rCold   . . .      Faith    .   L - +2 buckler
rNeg    . . .      Spirit   .   b - +0 leather armour
rPois   .          Reflect  .   K - +0 helmet
rElec   .          Harm     .   s - +0 cloak
rCorr   +          Rampage  .   t - +0 pair of gloves
Will    +....                   G - +0 pair of boots
Stlth   +++.......              (no amulet)
HPRegen 0.21/turn               R - ring of resist corrosion
MPRegen 0.15/turn               (no ring)

@: no status effects
A: fangs 1, strong nose, distributed training
a: Renounce Religion, Potion Petition, Call Merchant, Bribe Branch


You were on level 9 of the Dungeon.
You worshipped Gozag.
Gozag was pleased with you.
You visited 1 branch of the dungeon, and saw 9 of its levels.

You collected 760 gold pieces.
You spent 50 gold pieces at shops.
You paid 63 gold pieces to Gozag.


Innate Abilities, Weirdness & Mutations

You have very sharp teeth.
Your uncanny sense of smell can sniff out nearby items.
Your experience applies equally to all skills.


   Skills:
 + Level 5.5 Fighting
 + Level 4.7 Short Blades
 + Level 4.7 Long Blades
 + Level 4.7 Axes
 + Level 4.7 Maces & Flails
 + Level 4.7 Polearms
 + Level 4.7 Staves
 + Level 4.7 Ranged Weapons
 + Level 4.7 Throwing
 + Level 6.7 Armour
 + Level 5.5 Dodging
 + Level 5.4 Stealth
 + Level 4.7 Shields
 + Level 4.7 Unarmed Combat
 + Level 4.7 Spellcasting
 + Level 3.9 Conjurations
 + Level 3.9 Hexes
 + Level 3.9 Summonings
 + Level 3.9 Necromancy
 + Level 3.9 Translocations
 + Level 3.9 Transmutations
 + Level 3.9 Fire Magic
 + Level 3.9 Ice Magic
 + Level 3.9 Air Magic
 + Level 3.9 Earth Magic
 + Level 3.9 Poison Magic
 + Level 5.2 Invocations
 + Level 8.2 Evocations


You had 17 spell levels left.
You didn't know any spells.
Your spell library contained the following spells:

 Spells                   Type           Power      Damage    Failure   Level
 Apportation              Tloc           32%        N/A       5%          1
 Necrotise                Necr           64%        1d7       5%          1
 Shock                    Conj/Air       64%        1d7       5%          1
 Summon Small Mammal      Summ           64%        N/A       5%          1
 Swiftness                Air            16%        N/A       16%         3
 Airstrike                Air            8%         2d(2-18)  45%         4
 Cause Fear               Hex            8%         N/A       45%         4
 Dragon Form              Tmut           8%         N/A       100%        7
 Dragon's Call            Summ           8%         N/A       100%        9

Inventory:

Hand Weapons
 x - the +10 hammer of Histrionic Expedience (weapon) {spect, Will+ Dex+2}
   (You found it on level 2 of the Dungeon)

   When its wielder attacks, the weapon's spirit leaps out and strikes again.
   The spirit shares a part of any damage it takes with its wielder.
   Dex:       It affects your dexterity (+2).
   Will:      It increases your willpower.
Missiles
 k - 5 javelins
 J - 2 throwing nets {=f}
Armour
 b - a +0 leather armour (worn)
 s - a +0 cloak (worn)
 t - a +0 pair of gloves (worn)
 G - a +0 pair of boots (worn)
 K - a +0 helmet (worn)
 L - a +2 buckler (worn)
Jewellery
 R - a ring of resist corrosion (left hand)
 S - a +6 ring of strength
Wands
 c - a wand of flame (9) (quivered)
 d - a wand of charming (15)
 e - a wand of iceblast (16)
 u - a wand of mindburst (11)
 B - a wand of polymorph (3)
 F - a wand of quicksilver (12)
Scrolls
 g - a scroll of poison
 h - a scroll of torment
 i - 2 scrolls of vulnerability
 j - a scroll of brand weapon {unknown}
 n - a scroll of fog {unknown}
 q - a scroll of enchant armour {unknown}
 r - a scroll of noise
 v - a scroll of blinking {unknown}
 y - a scroll of fear {unknown}
 A - 3 scrolls of enchant weapon
 C - a scroll of amnesia {unknown}
 D - a scroll of magic mapping {unknown}
 H - 3 scrolls of identify {@r1}
 I - a scroll of teleportation {unknown}
Potions
 a - a potion of curing {@q1}
 f - 2 potions of heal wounds {@q2}
 l - a potion of lignification {unknown}
 m - 5 potions of attraction
 o - 2 potions of mutation
 p - a potion of cancellation {unknown}
 w - 3 potions of brilliance
 z - a potion of flight {unknown}
 E - 3 potions of magic {unknown}

Dungeon Overview and Level Annotations

Branches:
Dungeon (9/15)             Temple (0/1) D:7            Lair (0/5) D:9
    Orc: D:9-12

Altars:
Dithmenos
Fedhas
Gozag
Hepliaklqana
Trog
The Shining One

Shops:
D:4 *[[*(:

Annotations:
D:2 1 runed translucent door, Crazy Yiuf

#....░.░░.c ░..░
#....░░..h░░..░
###...░..░░..░
#.#.░░.░..░░░.#
#.#..░...░░ ..
..##.░░.░░░░.#
##.##..░...░..#
#.###.░░.░░..# ###.#
#..░@░...##### ##...#
##.░'░.......#
▒#....####..░..#...#.#
▒...........░.........
▒.....#####........#.
▒##.### ###......#.#
#.# #........# #.#
##....#### #.# #.####


There were no monsters in sight!


Message History

You hit something. You block something's attack.
Something bites you but does no damage.
You barely miss something. Something hits you but does no damage.
Something bites you.
Something draws strength from your injuries!
You miss something. Something hits you. Something bites you but does no damage.
You closely miss something. Something hits you but does no damage.
Something bites you!
* * * LOW HITPOINT WARNING * * *
Something draws strength from your injuries!
Something hits you.
* * * LOW HITPOINT WARNING * * *
You block something's attack.
You hit something but do no damage. Something hits you.
* * * LOW HITPOINT WARNING * * *
Something bites you but does no damage.
You hit something but do no damage. Something hits you but does no damage.
Something bites you but does no damage.
You thump something! Something hits you!
* * * LOW HITPOINT WARNING * * *
You block something's attack.
You hit something but do no damage. Something barely misses you.
Something bites you.
* * * LOW HITPOINT WARNING * * *
Something draws strength from your injuries!
You hit something. Something hits you.
* * * LOW HITPOINT WARNING * * *
Something bites you!
You die...
Your body crumbles into a pile of gold.

Skill      XL: |  1  2  3  4  5  6  7  8  9 |
---------------+----------------------------+-----
Invocations    | 1 2 3 4 5 |  5.2
Short Blades   | 1 2 3 4 |  4.7
Long Blades    | 1 2 3 4 |  4.7
Axes           | 1 2 3 4 |  4.7
Maces & Flails | 1 2 3 4 |  4.7
Polearms       | 1 2 3 4 |  4.7
Staves         | 1 2 3 4 |  4.7
Ranged Weapons | 1 2 3 4 |  4.7
Throwing       | 1 2 3 4 |  4.7
Shields        | 1 2 3 4 |  4.7
Unarmed Combat | 1 2 3 4 |  4.7
Spellcasting   | 1 2 3 4 |  4.7
Conjurations   | 1 2 3 |  3.9
Hexes          | 1 2 3 |  3.9
Summonings     | 1 2 3 |  3.9
Necromancy     | 1 2 3 |  3.9
Translocations | 1 2 3 |  3.9
Transmutations | 1 2 3 |  3.9
Fire Magic     | 1 2 3 |  3.9
Ice Magic      | 1 2 3 |  3.9
Air Magic      | 1 2 3 |  3.9
Earth Magic    | 1 2 3 |  3.9
Poison Magic   | 1 2 3 |  3.9
Fighting       | 3 4 5 |  5.5
Dodging        | 3 4 5 |  5.5
Stealth        | 3 4 5 |  5.4
Armour         | 5 6 |  6.7
Evocations     | 7 8 |  8.2

Action                   |  1- 3 |  4- 6 |  7- 9 || total
-------------------------+-------+-------+-------++-------
Melee: Club              |    30 |       |       ||    30
       Bite              |     5 |     5 |    19 ||    29
       Rapier            |    45 |    40 |       ||    85
       Mace              |       |    56 |   181 ||   237
       Punch             |       |     1 |     2 ||     3
Evoke: Wand              |       |       |     6 ||     6
  Use: Scroll            |       |       |     9 ||     9
       Potion            |       |       |     3 ||     3
 Stab: Sleeping          |     1 |     7 |     9 ||    17
       Distracted        |     1 |       |       ||     1
Armor: Leather armour    |    12 |    16 |    56 ||    84
Dodge: Dodged            |    44 |    44 |    89 ||   177
Block: Buckler           |       |       |     4 ||     4

Levels and vault maps discovered:
D:1:      kennysheep_arrival_seaside, layout_basic,
          hellmonk_ecumenical_altar_pennies_from_heaven
D:2:      layout_loops_corners, minmay_misc_feat_alley,
          minmay_misc_feat_ornament, uniq_crazy_yiuf_cottage
D:3:      layout_basic, general_overflow_altar, hangedman_decor_points
D:4:      layout_loops_ring, fedhas_altar_1, st_stairs_12,
          nicolae_wooded_promenade, kennysheep_generic_room_9
D:5:      layout_loops_cross, kennysheep_mini, minitemple
D:6:      layout_basic, uniq_sigmund
D:7:      layout_loops_ring, minmay_temple_entry_glass
D:8:      layout_rooms, trog_wizard
D:9:      minmay_the_grid_four_pointed_star_mashed
          [minmay_the_grid_triangle_9x9_semitri,
          minmay_the_grid_triangle_9x9_thin_v,
          minmay_the_grid_triangle_9x9_wacky_v,
          minmay_the_grid_triangle_9x9_sprig,
          minmay_the_grid_prize_inner_circle], layout_loops_corners,
          nicolae_overflow_hallway_of_the_gods

Notes
Turn   | Place    | Note
-------+----------+-------------------------------------------
     0 | D:1      | xzight the Gnoll Artificer began the quest for the Orb.
     0 | D:1      | Reached XP level 1. HP: 17/17 MP: 1/1
   340 | D:1      | Reached XP level 2. HP: 23/23 MP: 2/2
  1199 | D:1      | Found a faded altar of an unknown god.
  1755 | D:2      | Reached XP level 3. HP: 15/28 MP: 3/3
  1758 | D:2      | Reached skill level 1 in Invocations
  1955 | D:2      | Reached skill level 1 in Short Blades
  1955 | D:2      | Reached skill level 1 in Long Blades
  1955 | D:2      | Reached skill level 1 in Axes
  1955 | D:2      | Reached skill level 1 in Maces & Flails
  1955 | D:2      | Reached skill level 1 in Polearms
  1955 | D:2      | Reached skill level 1 in Staves
  1955 | D:2      | Reached skill level 1 in Ranged Weapons
  1955 | D:2      | Reached skill level 1 in Throwing
  1955 | D:2      | Reached skill level 1 in Shields
  1955 | D:2      | Reached skill level 1 in Unarmed Combat
  1955 | D:2      | Reached skill level 1 in Spellcasting
  2434 | D:2      | Reached XP level 4. HP: 32/34 MP: 5/5
  3132 | D:2      | Found a runed translucent door.
  3133 | D:2      | Noticed Crazy Yiuf
  3134 | D:2      | Identified the +10 hammer of Histrionic Expedience {spect,
                  | Will+ Dex+2}
  3390 | D:3      | Reached skill level 1 in Conjurations
  3390 | D:3      | Reached skill level 1 in Hexes
  3390 | D:3      | Reached skill level 1 in Summonings
  3390 | D:3      | Reached skill level 1 in Necromancy
  3390 | D:3      | Reached skill level 1 in Translocations
  3390 | D:3      | Reached skill level 1 in Transmutations
  3390 | D:3      | Reached skill level 1 in Fire Magic
  3390 | D:3      | Reached skill level 1 in Ice Magic
  3390 | D:3      | Reached skill level 1 in Air Magic
  3390 | D:3      | Reached skill level 1 in Earth Magic
  3390 | D:3      | Reached skill level 1 in Poison Magic
  3754 | D:3      | Noticed an ogre
  3757 | D:3      | Reached XP level 5. HP: 34/40 MP: 5/7
  3913 | D:3      | Found a hazy altar of Hepliaklqana.
  4170 | D:4      | Reached skill level 3 in Fighting
  4170 | D:4      | Reached skill level 3 in Dodging
  4242 | D:4      | Found Zaepp's Weapon Boutique.
  4244 | D:4      | Found Ughali's Antique Armour Shop.
  4247 | D:4      | Found Gofitoi's Book Emporium.
  4247 | D:4      | Found Akuhak's General Store.
  4247 | D:4      | Found Guurghis's Armour Emporium.
  4247 | D:4      | Found Pytigyunk's General Store.
  4256 | D:4      | Reached skill level 2 in Invocations
  4257 | D:4      | Reached skill level 3 in Stealth
  4258 | D:4      | Noticed a black bear
  4265 | D:4      | Killed a black bear
  4266 | D:4      | Reached skill level 2 in Short Blades
  4266 | D:4      | Reached skill level 2 in Long Blades
  4266 | D:4      | Reached skill level 2 in Axes
  4266 | D:4      | Reached skill level 2 in Maces & Flails
  4266 | D:4      | Reached skill level 2 in Polearms
  4266 | D:4      | Reached skill level 2 in Staves
  4266 | D:4      | Reached skill level 2 in Ranged Weapons
  4266 | D:4      | Reached skill level 2 in Throwing
  4266 | D:4      | Reached skill level 5 in Armour
  4266 | D:4      | Reached skill level 2 in Shields
  4266 | D:4      | Reached skill level 2 in Unarmed Combat
  4266 | D:4      | Reached skill level 2 in Spellcasting
  4266 | D:4      | Reached XP level 6. HP: 46/47 MP: 7/9
  4293 | D:4      | Bought a potion of heal wounds for 50 gold pieces
  4566 | D:4      | Found a blossoming altar of Fedhas.
  4576 | D:4      | Reached skill level 7 in Evocations
  4576 | D:4      | Reached XP level 7. HP: 52/52 MP: 10/10
  4698 | D:4      | Reached skill level 2 in Conjurations
  4698 | D:4      | Reached skill level 2 in Hexes
  4698 | D:4      | Reached skill level 2 in Summonings
  4698 | D:4      | Reached skill level 2 in Necromancy
  4698 | D:4      | Reached skill level 2 in Translocations
  4698 | D:4      | Reached skill level 2 in Transmutations
  4698 | D:4      | Reached skill level 2 in Fire Magic
  4698 | D:4      | Reached skill level 2 in Ice Magic
  4698 | D:4      | Reached skill level 2 in Air Magic
  4698 | D:4      | Reached skill level 2 in Earth Magic
  4698 | D:4      | Reached skill level 2 in Poison Magic
  4982 | D:5      | Entered Level 5 of the Dungeon
  5113 | D:5      | Found an opulent altar of Gozag.
  5123 | D:5      | Found a glowing golden altar of the Shining One.
  5162 | D:5      | Became a worshipper of Gozag Ym Sagoz the Greedy
  5208 | D:5      | Reached skill level 3 in Invocations
  5322 | D:5      | Reached skill level 4 in Fighting
  5322 | D:5      | Reached skill level 4 in Dodging
  5467 | D:5      | Reached skill level 3 in Short Blades
  5467 | D:5      | Reached skill level 3 in Long Blades
  5467 | D:5      | Reached skill level 3 in Axes
  5467 | D:5      | Reached skill level 3 in Maces & Flails
  5467 | D:5      | Reached skill level 3 in Polearms
  5467 | D:5      | Reached skill level 3 in Staves
  5467 | D:5      | Reached skill level 3 in Ranged Weapons
  5467 | D:5      | Reached skill level 3 in Throwing
  5467 | D:5      | Reached skill level 3 in Shields
  5467 | D:5      | Reached skill level 3 in Unarmed Combat
  5467 | D:5      | Reached skill level 3 in Spellcasting
  5467 | D:5      | Reached XP level 8. HP: 52/60 MP: 12/12
  5743 | D:5      | Found a shadowy altar of Dithmenos.
  5936 | D:6      | Reached skill level 4 in Stealth
  6007 | D:6      | Noticed Sigmund
  6009 | D:6      | Killed Sigmund
  6616 | D:6      | Reached skill level 3 in Conjurations
  6616 | D:6      | Reached skill level 3 in Hexes
  6616 | D:6      | Reached skill level 3 in Summonings
  6616 | D:6      | Reached skill level 3 in Necromancy
  6616 | D:6      | Reached skill level 3 in Translocations
  6616 | D:6      | Reached skill level 3 in Transmutations
  6616 | D:6      | Reached skill level 3 in Fire Magic
  6616 | D:6      | Reached skill level 3 in Ice Magic
  6616 | D:6      | Reached skill level 3 in Air Magic
  6616 | D:6      | Reached skill level 3 in Earth Magic
  6616 | D:6      | Reached skill level 3 in Poison Magic
  6616 | D:6      | Reached skill level 4 in Invocations
  6953 | D:6      | Reached skill level 6 in Armour
  7225 | D:7      | Reached XP level 9. HP: 63/66 MP: 14/14
  7229 | D:7      | Reached skill level 4 in Short Blades
  7229 | D:7      | Reached skill level 4 in Long Blades
  7229 | D:7      | Reached skill level 4 in Axes
  7229 | D:7      | Reached skill level 4 in Maces & Flails
  7229 | D:7      | Reached skill level 4 in Polearms
  7229 | D:7      | Reached skill level 4 in Staves
  7229 | D:7      | Reached skill level 4 in Ranged Weapons
  7229 | D:7      | Reached skill level 4 in Throwing
  7229 | D:7      | Reached skill level 4 in Shields
  7229 | D:7      | Reached skill level 4 in Unarmed Combat
  7229 | D:7      | Reached skill level 4 in Spellcasting
  7715 | D:7      | Reached skill level 5 in Fighting
  7715 | D:7      | Reached skill level 5 in Dodging
  7722 | D:7      | Found a staircase to the Ecumenical Temple.
  8000 | D:7      | Reached skill level 5 in Stealth
  8129 | D:7      | Reached skill level 8 in Evocations
  8244 | D:7      | Reached skill level 5 in Invocations
  9259 | D:8      | Found a bloodstained altar of Trog.
  9260 | D:8      | Noticed a wizard
  9266 | D:8      | Killed a wizard
  9429 | D:9      | Found a staircase to the Lair.
  9559 | D:9      | HP: 6/68 [something (6)]
  9559 | D:9      | Slain by a vampire

Vanquished Creatures
  Sigmund (D:6)
  An acid dragon (D:7)
  3 water moccasins
  3 black bears
  An orc warrior (D:6)
  An ice beast (D:5)
  An ogre (D:7)
  2 phantoms
  2 kobold brigands (D:8)
  A bullfrog (D:8)
  A scorpion (D:6)
  5 wights
  3 killer bees (D:7)
  7 howler monkeys (D:7)
  8 hounds
  3 jellies
  An orc priest (D:6)
  3 iguanas
  3 orc wizards
  2 adders
  11 gnolls
  A shadow imp (D:8)
  4 white imps
  3 worms
  A dart slug (D:3)
  9 orcs
  4 ball pythons
  5 bats
  15 endoplasms
  2 giant cockroaches
  6 hobgoblins
  15 kobolds
  2 quokkas
  A frilled lizard (D:2)
  11 goblins
  5 rats
147 creatures vanquished.

Vanquished Creatures (others)
  A wizard (D:8)
  4 plants (D:1)
5 creatures vanquished.

Grand Total: 152 creatures vanquished

Table legend: (Time is in decaauts)
 A = Elapsed time spent in this place.
 B = Non-inter-level travel time spent in this place.
 C = Inter-level travel time spent in this place.
 D = Time resting spent in this place.
 E = Time spent auto-exploring this place.
 F = Levels seen in this place.
 G = Mean time per level.
                   A        B        C        D        E       F      G
               +--------+--------+--------+--------+--------+-----+--------+
         Total |   9611 |   9186 |    425 |   1529 |   6290 |   9 | 1067.9 |
       Dungeon |   9611 |   9186 |    425 |   1529 |   6290 |   9 | 1067.9 |
               +--------+--------+--------+--------+--------+-----+--------+

Top non-repeatable levels by time:
     D:1: 1761 daAuts
     D:6: 1693 daAuts
     D:2: 1591 daAuts
     D:7: 1339 daAuts
     D:4: 942 daAuts
     D:5: 894 daAuts
     D:3: 700 daAuts
     D:8: 556 daAuts
     D:9: 132 daAuts

Table legend:
 A = Non-vault XP
 B = Vault XP
 C = Vault XP percentage of total XP
 D = Non-vault monster count
 E = Vault monster count
 F = Vault count percentage of total count
                 A         B        C        D         E       F
            +---------+---------+-------+---------+---------+-------
      Total |    3914 |     268 |   6.4 |     144 |       3 |   2.0
            +---------+---------+-------+---------+---------+-------
        D:1 |      19 |       0 |   0.0 |      12 |       0 |   0.0
        D:2 |      89 |       0 |   0.0 |      23 |       0 |   0.0
        D:3 |      62 |       0 |   0.0 |      20 |       0 |   0.0
        D:4 |     522 |      45 |   7.9 |      26 |       2 |   7.1
        D:5 |     561 |       0 |   0.0 |      17 |       0 |   0.0
        D:6 |     737 |     223 |  23.2 |      13 |       1 |   7.1
        D:7 |    1420 |       0 |   0.0 |      20 |       0 |   0.0
        D:8 |     504 |       0 |   0.0 |      13 |       0 |   0.0
            +---------+---------+-------+---------+---------+-------
